 Dungeon Crawl Stone Soup version 0.17.1-3-g152610e (webtiles) character file.

16005 Heskey the Fighter (level 12, -5/84 HPs)
             Began as a Gargoyle Fighter on Mar 23, 2016.
             Was a High Priest of Qazlal.
             Slain by a sun demon (12 damage)
             ... summoned by an orc sorcerer
             ... while paralysed by an orc sorcerer
             ... on level 4 of the Orcish Mines.
             The game lasted 00:27:14 (9448 turns).

Heskey the Fighter (Gargoyle Fighter)               Turns: 9448, Time: 00:27:14

Health: -5/84      AC: 34    Str: 30    XL:     12   Next: 33%
Magic:  5/5        EV:  2    Int:  9    God:    Qazlal [*****.]
Gold:   785        SH:  0    Dex: 13    Spells: 0 memorised, 11 levels left

rFire  . . .     SeeInvis .     v - +9 war axe "Ufrea" {antimagic, Dex+4}
rCold  . . .     Clarity  .     y - +6 chain mail of Bitterness {Str+2}
rNeg   + . .     SustAt   .     p - +2 shield
rPois  ∞         Gourm    .     (helmet restricted)
rElec  +         Spirit   .     k - +0 cloak
rCorr  .         Warding  .     l - +0 pair of gloves
rMut   .         Stasis   .     (no boots)
MR     .....                    (no amulet)
Stlth  ..........               s - +5 ring of protection
                                m - +3 ring of strength

@: paralysed, exhausted, slowed, repel missiles, not resistant to hostile
enchantments, extremely unstealthy
A: big wings, horns 1, rugged brown scales 1, mutation resistance 1, negative
energy resistance 1, electricity resistance, unbreathing, petrification
resistance, rot immunity, AC +8
a: Fly, Upheaval, Elemental Force, Disaster Area, Renounce Religion


You were on level 4 of the Orcish Mines.
You worshipped Qazlal.
Qazlal was extremely pleased with you.
You were not hungry.

You visited 3 branches of the dungeon, and saw 15 of its levels.
You also visited: Sewer.

You collected 1167 gold pieces.
You spent 382 gold pieces at shops.

Inventory:

Hand Weapons
 v - the +9 war axe "Ufrea" (weapon) {antimagic, Dex+4}
   (You found it on level 4 of the Dungeon)

   It disrupts the flow of magical energy around spellcasters and certain
   magical creatures (including the wielder).
   It affects your dexterity (+4).
Armour
 j - a +0 helmet
 k - a +0 cloak (worn)
 l - a +0 pair of gloves (worn)
 p - a +2 shield (worn)
 y - the +6 chain mail of Bitterness (worn) {Str+2}
   (You found it on level 9 of the Dungeon)

   It affects your strength (+2).
Jewellery
 c - a +2 ring of evasion
 m - a +3 ring of strength (left hand)
 s - a +5 ring of protection (right hand)
 z - an uncursed ring of stealth
Wands
 b - a wand of draining (7)
 i - a wand of polymorph (1)
 w - a wand of draining (12)
Scrolls
 h - 8 scrolls of identify
 q - 2 scrolls of remove curse
 x - a scroll of recharging
 E - 2 scrolls of teleportation
 G - a scroll of amnesia
Potions
 d - 2 potions of brilliance
 f - 2 potions of heal wounds
 g - 3 potions of curing
 r - a potion of agility
 u - 2 potions of flight
 A - a potion of berserk rage
 C - 2 potions of resistance
Comestibles
 a - 4 fruits
 e - 11 bread rations
 n - 2 royal jellies
 o - 4 meat rations
 t - 6 beef jerkies
 B - 6 chunks of flesh
 F - 8 slices of pizza


   Skills:
 * Level 12.4 Fighting
 * Level 9.2(9.6) Axes
   Level 4.8(8.0) Maces & Flails
 + Level 8.9 Armour
 + Level 8.1 Shields
 + Level 7.5 Invocations


You had 11 spell levels left.
You didn't know any spells.

Dungeon Overview and Level Annotations

Branches:
Dungeon (10/15)            Temple (1/1) D:5             Orc (4/4) D:10
   Lair: D:8-11         Elf: Orc:3-4

Altars:
Ashenzari
Cheibriados
Dithmenos
Elyvilon
Fedhas
Gozag
Kikubaaqudgha
Makhleb
Nemelex Xobeh
Okawaru
Qazlal
Ru
Sif Muna
Trog
Vehumet
Xom
Yredelemnul
Zin
The Shining One

Shops:
D:6 *   D:7 =   Orc:3 *   Orc:4 :=


Innate Abilities, Weirdness & Mutations

You are resistant to torment.
Your stone body is resilient (AC +8).
You are immune to poison.
You resist negative energy.
You are resistant to electric shocks.
You can survive without breathing.
You are immune to petrification.
You are immune to rotting.
Your large and strong wings let you fly indefinitely.
You have a pair of small horns on your head.
You are partially covered in rugged brown scales (AC +1, +3% HP).
You are somewhat resistant to further mutation.


Message History

Something smites you!
* * * LOW HITPOINT WARNING * * *
The sun demon hits you but does no damage.
The orc warrior hits you but does no damage.
An orc wizard comes into view. It is wielding a dagger.
The orc priest hits you but does no damage.
The orc priest looks braver for a moment.
The orc warrior hits you but does no damage.
The sun demon hits you but does no damage.
The orc wizard casts a cantrip, but nothing happens.
The orc sorcerer hits you but does no damage.
The orc priest is engulfed in roaring flames.
The orc warrior hits you from afar with a glaive!
* * * LOW HITPOINT WARNING * * *
The orc priest casts a cantrip, but nothing happens.
The orc warrior hits you but does no damage.
The sun demon hits you.
* * * LOW HITPOINT WARNING * * *
You are engulfed in flames!
You die...

##.....#......$...
#....$.............
##..$#..............
##.......)...........
###........†....$......
##...............∩......
#...............§o......
..)............§oo§.....
).#.##.........o@)o.....
.#####........§oo3o.....
)#..###.#.....§.oo§o....
....####.......#...o....
..)..# #...........o.o..
.[÷)<# ##............o..
...### #.............oo
..## ...##.........o ..#


You could see an orc high priest, a sun demon, an orc sorcerer, 4 orc warriors,
6 orc priests, 5 orc wizards and an orc.

Vanquished Creatures
  Maud (Orc:2)
  The ghost of Shufflesack the Impaler, a journeyman MiGl of Trog (Orc:4)
  Erica (D:8)
  The ghost of nublet the Scholar of Death, a novice OgNe of Kikubaaqudgha (D:7)
  An unseen horror (D:10)
  A hill giant (D:10)
  An orc knight (Orc:2)
  2 orc sorcerers (Orc:4)
  The ghost of emiel the Spear-Bearer, a novice NaBe of Trog (D:6)
  3 kobold demonologists (D:10)
  An efreet (D:8)
  A troll (Orc:4)
  A two-headed ogre (D:8)
  2 wyverns (D:8)
  A human (D:9)
  A yak (D:9)
  2 wargs
  Menkaure (D:7)
  4 hippogriffs
  A water moccasin (D:10)
  A wasp (D:9)
  An ice beast (D:8)
  A black bear (D:7)
  26 orc warriors
  3 sky beasts
  A swamp drake (D:10)
  6 ogres
  2 crocodiles
  2 big kobolds (D:10)
  5 centaurs
  A gnoll sergeant (D:7)
  A wyvern skeleton (D:6)
  2 scorpions
  A water moccasin skeleton (D:4)
  6 killer bees (D:10)
  3 crimson imps
  22 orc priests
  A giant frog skeleton (D:6)
  A centaur skeleton (D:4)
  2 giant frog zombies
  36 orc wizards
  2 worker ants
  4 iguanas
  Jessica (D:3)
  3 hounds
  3 sheep (D:9)
  A hound zombie (D:8)
  A hound skeleton (D:4)
  3 worker ant zombies
  Robin (D:3)
  7 gnolls
  8 adders
  3 shadow imps
  4 oozes
  4 adder skeletons
  An adder zombie (D:7)
  3 worms
  2 giant geckos
  137 orcs
  6 giant cockroaches
  14 goblins
  5 hobgoblins
  6 kobolds
  6 quokkas
  2 ball pythons
  12 bats
  6 giant newts
  15 jackals
  A quokka zombie (D:5)
  8 rats
421 creatures vanquished.

Vanquished Creatures (others)
  An orc wizard (Orc:4)
1 creature vanquished.

Grand Total: 422 creatures vanquished

Notes
Turn   | Place    | Note
--------------------------------------------------------------
     0 | D:1      | Heskey the Gargoyle Fighter began the quest for the Orb.
     0 | D:1      | Reached XP level 1. HP: 14/14 MP: 1/1
    27 | D:1      | Reached XP level 2. HP: 16/19 MP: 2/2
   358 | D:1      | Reached XP level 3. HP: 22/24 MP: 3/3
   567 | D:2      | Reached skill level 4 in Fighting
   824 | D:2      | Reached XP level 4. HP: 29/29 MP: 4/4
  1447 | D:3      | Noticed Robin
  1496 | D:3      | Reached XP level 5. HP: 23/34 MP: 5/5
  1501 | D:3      | Killed Robin
  1585 | D:3      | Noticed Jessica
  1633 | D:3      | Killed Jessica
  1633 | D:3      | Reached skill level 5 in Fighting
  1658 | D:3      | Found a faded altar to an unknown god.
  2080 | D:4      | Noticed a centaur
  2085 | D:4      | Killed a centaur
  2085 | D:4      | Reached XP level 6. HP: 40/40 MP: 6/6
  2405 | D:4      | Reached skill level 6 in Fighting
  2419 | D:4      | Reached XP level 7. HP: 40/46 MP: 7/7
  2711 | D:4      | Got a scorched war axe
  2712 | D:4      | Identified the +9 war axe "Ufrea" {antimagic, Dex+4} (You found it on level 4 of the Dungeon)
  2831 | D:5      | Entered Level 5 of the Dungeon
  2870 | D:5      | Found an opulent altar of Gozag.
  2920 | D:5      | Reached skill level 1 in Axes
  3024 | D:5      | Reached skill level 5 in Armour
  3101 | D:5      | Reached skill level 7 in Fighting
  3101 | D:5      | Reached XP level 8. HP: 29/53 MP: 2/8
  3222 | D:5      | Found a staircase to the Ecumenical Temple.
  3261 | Temple   | Entered the Ecumenical Temple
  3348 | Temple   | Became a worshipper of Qazlal Stormbringer
  3683 | D:6      | Reached skill level 1 in Invocations
  3701 | D:6      | Found Zeorch Eseicw's Assorted Antiques.
  3715 | D:6      | Bought a square malachite amulet for 125 gold pieces
  3715 | D:6      | Bought a coppery potion for 22 gold pieces
  3716 | D:6      | Gained mutation: Your large and strong wings let you fly indefinitely. [potion of mutation]
  3716 | D:6      | Gained mutation: You are somewhat resistant to further mutation. [potion of mutation]
  3716 | D:6      | Gained mutation: You are partially covered in rugged brown scales (AC +1, +3% HP). [potion of mutation]
  3770 | D:6      | Noticed emiel's ghost (novice NaBe)
  3786 | D:6      | Killed emiel's ghost
  4048 | D:6      | Found a glowing drain.
  4060 | Sewer    | Entered a sewer
  4211 | D:6      | Reached skill level 8 in Fighting
  4248 | D:6      | Reached XP level 9. HP: 60/60 MP: 3/10
  4537 | D:7      | Reached * piety under Qazlal
  4538 | D:7      | Found Ukoik's Jewellery Emporium.
  4572 | D:7      | Bought a +3 ring of strength for 235 gold pieces
  4593 | D:7      | Found a white marble altar of Elyvilon.
  4599 | D:7      | Noticed nublet's ghost (novice OgNe)
  4717 | D:7      | Killed nublet's ghost
  4717 | D:7      | Reached skill level 5 in Axes
  4717 | D:7      | Reached skill level 5 in Shields
  4912 | D:7      | Noticed Menkaure
  4916 | D:7      | Killed Menkaure
  4916 | D:7      | Reached skill level 9 in Fighting
  5542 | D:8      | Reached XP level 10. HP: 63/67 MP: 4/12
  5650 | D:8      | Noticed Erica
  5661 | D:8      | Killed Erica
  5726 | D:8      | Reached ** piety under Qazlal
  5834 | D:8      | Reached skill level 10 in Fighting
  5879 | D:8      | Noticed an efreet
  5887 | D:8      | Killed an efreet
  6527 | D:9      | Reached skill level 5 in Invocations
  6554 | D:9      | Got a twisted chain mail
  6555 | D:9      | Identified the +6 chain mail of Bitterness {Str+2} (You found it on level 9 of the Dungeon)
  6665 | D:9      | Reached *** piety under Qazlal
  6864 | D:9      | Reached XP level 11. HP: 69/75 MP: 5/15
  7158 | D:10     | Entered Level 10 of the Dungeon
  7320 | D:10     | Reached skill level 11 in Fighting
  7520 | D:10     | Killed an unseen horror
  7562 | D:10     | Noticed a hill giant
  7568 | D:10     | Killed a hill giant
  7635 | D:10     | Reached **** piety under Qazlal
  7722 | D:10     | Found a staircase to the Orcish Mines.
  7764 | D:10     | Gained mutation: You have a pair of small horns on your head. [potion of beneficial mutation]
  7772 | Orc:1    | Entered Level 1 of the Orcish Mines
  7849 | Orc:2    | Found a burning altar of Makhleb.
  7849 | Orc:2    | Found a shimmering altar of Xom.
  7849 | Orc:2    | Noticed an orc knight
  7868 | Orc:2    | Noticed Maud
  7874 | Orc:2    | Killed Maud
  7878 | Orc:2    | Killed an orc knight
  8475 | Orc:3    | Reached ***** piety under Qazlal
  8768 | Orc:3    | Found Lyxzayn's Assorted Antiques.
  8821 | Orc:3    | Reached skill level 12 in Fighting
  8949 | Orc:3    | Reached XP level 12. HP: 80/83 MP: 5/17
  9161 | Orc:4    | Entered Level 4 of the Orcish Mines
  9163 | Orc:4    | Found Raez's Book Shoppe.
  9195 | Orc:4    | Noticed Shufflesack's ghost (journeyman MiGl)
  9357 | Orc:4    | Killed Shufflesack's ghost
  9413 | Orc:4    | Found Jexzoedi's Jewellery Shoppe.
  9444 | Orc:4    | Paralysed by an orc sorcerer for 6 turns
  9446 | Orc:4    | Noticed an orc high priest
  9448 | Orc:4    | Slain by a sun demon

Action                   |  1- 3 |  4- 6 |  7- 9 | 10-12 || total
-------------------------+-------+-------+-------+-------++-------
Melee: Flail             |   129 |   108 |       |       ||   237
       Mace              |       |   119 |     8 |       ||   127
       Unarmed           |       |     1 |       |       ||     1
       War axe           |       |       |   246 |   453 ||   699
  Use: Potion            |       |     8 |     2 |     8 ||    18
       Scroll            |       |     6 |     2 |     6 ||    14
 Stab: Confused          |       |       |       |     1 ||     1
  Eat: Chunk             |       |     5 |    10 |    12 ||    27
       Beef jerky        |       |       |     1 |       ||     1
       Royal jelly       |       |       |       |     1 ||     1
